 Dungeon Crawl Stone Soup version 0.19-a0-1720-gc855d72 (webtiles) character file.

15899 kae the Fencer (level 12, -2/92 HPs)
             Began as a Formicid Fighter on Sept 29, 2016.
             Was a High Priest of Makhleb.
             Slain by a jumping spider (4 damage)
             ... on level 3 of the Lair of Beasts.
             The game lasted 00:20:53 (13126 turns).

kae the Fencer (Formicid Fighter)                  Turns: 13126, Time: 00:20:53

Health: -2/92      AC: 11    Str: 29    XL:     12   Next: 63%
Magic:  19/19      EV:  6    Int:  9    God:    Makhleb [*****.]
Gold:   333        SH:  0    Dex: 10    Spells: 0 memorised, 11 levels left

rFire  + . .     SeeInvis +     b - +1 falchion (flame)
rCold  . . .     Gourm    .     D - +0 scale mail
rNeg   . . .     Faith    +     c - +1 shield
rPois  .         Spirit   .     (helmet unavailable)
rElec  .         Dismiss  .     y - +0 cloak
rCorr  .         Reflect  .     (no gloves)
MR     +....     Harm     .     (no boots)
Stlth  ..........               t - amulet of faith
                                E - +3 ring of evasion (curse)
                                x - +4 ring of strength

@: held
A: permanent stasis, dig shafts and tunnels, four strong arms, antennae 3, claws
1, iridescent scales 1, fire resistance 1
a: Dig, Shaft Self, Minor Destruction, Lesser Servant of Makhleb, Major
Destruction, Greater Servant of Makhleb, Renounce Religion


You were on level 3 of the Lair of Beasts.
You worshipped Makhleb.
Makhleb was extremely pleased with you.
You were hungry.

You visited 3 branches of the dungeon, and saw 14 of its levels.
You also visited: Ossuary.

You collected 571 gold pieces.
You spent 238 gold pieces at shops.

Inventory:

Hand Weapons
 a - a +1 long sword
 b - a +1 falchion of flaming (weapon)
 J - a +0 scimitar of flaming
Armour
 c - a +1 shield (worn)
 y - a +0 cloak (worn)
 D - a +0 scale mail (worn)
Jewellery
 t - an amulet of faith (around neck)
 x - a +4 ring of strength (left claw)
 E - a cursed +3 ring of evasion (right claw)
 K - an uncursed ring of stealth {unknown}
Wands
 d - a wand of flame (33/48)
 h - a wand of paralysis (14/24)
 j - a wand of iceblast (6/15)
 l - a wand of flame (28/48)
 o - a wand of digging (9/24)
 A - a wand of iceblast (10/15)
 C - a wand of flame (18/48)
Scrolls
 g - 7 scrolls of identify
 m - a scroll of enchant weapon
 n - 6 scrolls of remove curse
 r - a scroll of amnesia
 s - a scroll of immolation
 B - a scroll of fog {unknown}
 H - a scroll of silence {unknown}
 I - a scroll of vulnerability {unknown}
 L - a scroll of noise {unknown}
Potions
 e - 2 potions of agility
 p - a potion of berserk rage {unknown}
 q - 3 potions of magic
 u - 2 potions of flight
 w - 2 potions of brilliance
 z - a potion of resistance {unknown}
Comestibles
 f - 7 bread rations
 k - 7 meat rations
 v - a beef jerky
 F - 12 fruits
 G - 3 slices of pizza
 M - 4 chunks of flesh


   Skills:
 + Level 7.9 Fighting
 - Level 15.4 Long Blades
 * Level 5.4 Armour
 - Level 3.6 Shields
 - Level 10.2 Invocations


You had 11 spell levels left.
You didn't know any spells.

Dungeon Overview and Level Annotations

Branches:
Dungeon (9/15)             Temple (1/1) D:5            Lair (4/6) D:9
  Swamp: Lair:2-4    Shoals: Lair:2-4     Snake: Lair:2-4    Spider: Lair:2-4
    Orc: D:9-12

Altars:
Ashenzari
Dithmenos
Elyvilon
Fedhas
Gozag
Hepliaklqana
Kikubaaqudgha
Makhleb
Nemelex Xobeh
Okawaru
Qazlal
Ru
Sif Muna
Trog
Uskayaw
Vehumet
Xom
Yredelemnul
Zin

Shops:
D:7 !%

Annotations:
D:4 Edmund


Innate Abilities, Weirdness & Mutations

You are under a permanent stasis effect.
You can dig through walls and to a lower floor.
Your four strong arms can wield two-handed weapons with a shield.
You have a pair of large antennae on your head. (SInv)
You have sharp fingernails.
You are partially covered in iridescent scales. (AC +2)
Your flesh is heat resistant. (rF+)


Message History

You disentangle yourself.
The jumping spider pounces on you but does no damage.
The jumping spider barely misses you.
You feel better. The jumping spider pounces on you!
* * * LOW HITPOINT WARNING * * *
You are caught in a web!
The jumping spider barely misses you. The jumping spider pounces on you.
* * * LOW HITPOINT WARNING * * *
You are even more entangled.
The jumping spider bites you.
* * * LOW HITPOINT WARNING * * *
Press: ? - help, Shift-Dir - straight line, f - jumping spider
Aim: a jumping spider (clinging)
The acid hits the jumping spider.
The jumping spider is splashed with acid.
The acid corrodes the jumping spider!
The jumping spider is lightly wounded.
The jumping spider pounces on you.
* * * LOW HITPOINT WARNING * * *
The jumping spider bites you.
You die...

..........#
P###.##...## ##
###..# ## #..##.##
#.# #..+..#
#.##..P..#
##.#..##.##
.#.....#...# #####
#......##..###{#@#
#..s......#.{#s##
^#.#.....#.#####
.##.Y.{{.##
#.....## ##.....#
##......##
...........#
##...##...##


You could see a jumping spider.

Vanquished Creatures
  A hydra (D:9)
  Erica (Lair:1)
  Pikel (D:8)
  An elephant (D:9)
  Joseph (D:8)
  A black mamba (Lair:1)
  4 molten gargoyles (D:9)
  2 spiny frogs (Lair:1)
  A komodo dragon (Lair:1)
  2 jumping spiders (Lair:3)
  4 hippogriffs
  Grinder (D:6)
  5 blink frogs (Lair:4)
  2 dream sheep (D:9)
  2 redbacks (Lair:3)
  2 wyverns
  The ghost of Ijustatesigmund the Sneak, an amateur SpCj (D:4)
  10 yaks
  A basilisk (Lair:1)
  Menkaure (D:6)
  2 water moccasins
  5 sky beasts
  2 orc warriors (D:6)
  3 slaves (D:8)
  3 phantoms
  2 ice beasts
  A necrophage (D:9)
  4 centaurs
  3 ogres
  7 crocodiles
  4 big kobolds
  Blork the orc (D:6)
  A gnoll sergeant (D:7)
  5 bullfrogs
  A water moccasin zombie (D:9)
  A water moccasin skeleton (D:7)
  3 scorpions
  The ghost of PeterLawrence the Shield-Bearer, a weakling MiFi (D:3)
  A wight (D:9)
  An electric eel (D:6)
  A howler monkey (D:9)
  6 crimson imps
  A centaur zombie (D:5)
  A jelly (D:9)
  A lava snake (D:9)
  6 bullfrog zombies (Ossuary)
  A quasit (D:9)
  5 hounds
  Crazy Yiuf (D:3)
  2 centaur skeletons
  5 orc priests
  A bullfrog skeleton (D:6)
  7 iguanas
  Natasha (thrice) (D:3)
  7 orc wizards
  8 worker ants
  A killer bee zombie (Ossuary)
  2 hound zombies
  A hound skeleton (D:4)
  16 mummies (Ossuary)
  6 worker ant zombies
  Robin (D:4)
  A howler monkey skeleton (D:4)
  6 gnolls
  14 river rats
  15 adders
  3 adder skeletons
  3 adder zombies
  3 worms (D:2)
  4 leopard geckos
  33 orcs
  3 ball pythons
  5 bats
  6 giant cockroaches
  14 goblins
  8 hobgoblins
  2 jackals (D:2)
  5 quokkas
  7 frilled lizards
  12 kobolds
  A leopard gecko skeleton (D:6)
  A leopard gecko zombie (Ossuary)
  A quokka zombie (Ossuary)
  7 rats
332 creatures vanquished.

Vanquished Creatures (others)
  A slave (D:8)
  A bush (Lair:1)
  8 fungi
  15 plants
  2 withered plants (Ossuary)
27 creatures vanquished.

Grand Total: 359 creatures vanquished

Notes
Turn   | Place    | Note
-------+----------+-------------------------------------------
     0 | D:1      | kae the Formicid Fighter began the quest for the Orb.
     0 | D:1      | Reached XP level 1. HP: 18/18 MP: 1/1
   111 | D:1      | Reached XP level 2. HP: 18/24 MP: 2/2
   466 | D:2      | Reached skill level 3 in Long Blades
   603 | D:2      | Reached XP level 3. HP: 27/29 MP: 3/3
  1461 | D:3      | Reached XP level 4. HP: 35/35 MP: 4/4
  1513 | D:3      | Noticed PeterLawrence's ghost (weakling MiFi)
  1520 | D:3      | Killed PeterLawrence's ghost
  1520 | D:3      | Reached skill level 4 in Long Blades
  1529 | D:3      | Reached skill level 5 in Long Blades
  1529 | D:3      | Reached XP level 5. HP: 38/41 MP: 5/5
  1600 | D:3      | Noticed Natasha
  1611 | D:3      | Killed Natasha
  1692 | D:3      | Noticed Natasha
  1699 | D:3      | Killed Natasha
  1699 | D:3      | Reached XP level 6. HP: 37/47 MP: 6/6
  1723 | D:3      | Noticed Natasha
  1728 | D:3      | Killed Natasha
  1728 | D:3      | Reached skill level 6 in Long Blades
  2119 | D:3      | Found a runed door.
  2123 | D:3      | Noticed Crazy Yiuf
  2129 | D:3      | Killed Crazy Yiuf
  2191 | D:4      | Noticed Robin
  2279 | D:4      | Killed Robin
  2477 | D:4      | Found a hazy altar of Hepliaklqana.
  2478 | D:4      | Found a shimmering altar of Xom.
  2478 | D:4      | Noticed a soldier ant
  2479 | D:4      | Noticed a soldier ant
  2479 | D:4      | Noticed a spectral ugly thing
  2594 | D:4      | Noticed Ijustatesigmund's ghost (amateur SpCj)
  2635 | D:4      | Killed Ijustatesigmund's ghost
  2635 | D:4      | Reached skill level 7 in Long Blades
  2635 | D:4      | Reached XP level 7. HP: 5/52 MP: 7/7
  2687 | D:4      | Gained mutation: You are partially covered in iridescent scales. (AC +2) [potion of mutation]
  2687 | D:4      | Gained mutation: You have sharp fingernails. [potion of mutation]
  2687 | D:4      | Gained mutation: Your flesh is heat resistant. (rF+) [potion of mutation]
  2880 | D:4      | Reached skill level 8 in Long Blades
  2902 | D:4      | Noticed Edmund
  3283 | D:5      | Entered Level 5 of the Dungeon
  3296 | D:5      | Reached XP level 8. HP: 47/58 MP: 8/8
  3377 | D:5      | Found a blossoming altar of Fedhas.
  3423 | D:5      | Reached skill level 9 in Long Blades
  3867 | D:5      | Reached skill level 10 in Long Blades
  3875 | D:5      | Found a staircase to the Ecumenical Temple.
  3885 | Temple   | Entered the Ecumenical Temple
  3895 | Temple   | Became a worshipper of Makhleb the Destroyer
  4061 | D:5      | Reached XP level 9. HP: 43/64 MP: 9/9
  4391 | D:6      | Noticed Grinder
  4438 | D:6      | Killed Grinder
  4438 | D:6      | Reached skill level 11 in Long Blades
  4592 | D:6      | Found a sand-covered staircase.
  4596 | Ossuary  | Entered an ossuary
  4658 | Ossuary  | Reached * piety under Makhleb
  5056 | Ossuary  | Reached skill level 12 in Long Blades
  5628 | D:6      | Found a sparkling altar of Nemelex Xobeh.
  5634 | D:6      | Noticed Blork the orc
  5648 | D:6      | Killed Blork the orc
  5879 | D:6      | Reached XP level 10. HP: 26/70 MP: 10/10
  6279 | D:6      | Noticed Menkaure
  6280 | D:6      | Reached ** piety under Makhleb
  6294 | D:6      | You fall through a shaft for 3 floors!
  6294 | D:9      | Found a staircase to the Lair.
  6294 | D:9      | Noticed an elephant
  6335 | D:9      | Killed an elephant
  6335 | D:9      | Reached skill level 13 in Long Blades
  6654 | D:7      | Found Sipaiv's Distillery.
  6672 | D:7      | Bought a potion of heal wounds for 70 gold pieces
  6672 | D:7      | Bought a potion of might for 56 gold pieces
  6672 | D:7      | Bought a potion of heal wounds for 70 gold pieces
  6672 | D:7      | Bought a potion of curing for 42 gold pieces
  6784 | D:6      | Killed Menkaure
  7312 | D:7      | Reached skill level 14 in Long Blades
  7341 | D:7      | Found a sacrificial altar of Ru.
  7342 | D:7      | Found a white marble altar of Elyvilon.
  7690 | D:7      | Reached *** piety under Makhleb
  7740 | D:7      | Found Ulyuff's Food Shoppe.
  7769 | D:7      | Found a shattered altar of Ashenzari.
  7922 | D:7      | Found a deep blue altar of Sif Muna.
  8176 | D:8      | Noticed Pikel
  8226 | D:8      | Killed Pikel
  8282 | D:8      | Reached XP level 11. HP: 75/75 MP: 11/11
  8319 | D:8      | Found a glowing silver altar of Zin.
  8477 | D:8      | Found an iron altar of Okawaru.
  8479 | D:8      | Noticed Joseph
  8496 | D:8      | Killed Joseph
  8496 | D:8      | Reached skill level 15 in Long Blades
  8560 | D:8      | Found a hide-covered altar of Uskayaw.
  8562 | D:8      | Found an opulent altar of Gozag.
  9050 | D:9      | Reached skill level 1 in Invocations
  9184 | D:9      | Reached **** piety under Makhleb
  9581 | D:9      | Reached skill level 5 in Invocations
  9606 | D:9      | Noticed a three-headed hydra
  9614 | D:9      | Killed a one-headed hydra
  9614 | D:9      | Reached skill level 5 in Fighting
 10267 | Lair:1   | Entered Level 1 of the Lair of Beasts
 10456 | Lair:1   | Reached XP level 12. HP: 88/88 MP: 16/18
 10591 | Lair:1   | Noticed Erica
 10648 | Lair:1   | Killed Erica
 10663 | Lair:1   | Reached ***** piety under Makhleb
 11500 | Lair:1   | Noticed a death yak
 11526 | Lair:1   | You fall through a shaft!
 11529 | Lair:2   | You fall through a shaft for 2 floors!
 11855 | Lair:4   | Reached skill level 10 in Invocations
 13016 | Lair:3   | Reached skill level 5 in Armour
 13126 | Lair:3   | HP: 2/92 [jumping spider (2)]
 13126 | Lair:3   | Slain by a jumping spider

Vault maps used:
D:1:      lemuel_arrival_funnel, patterned_corridor
D:3:      uniq_crazy_yiuf_cottage, uniq_natasha
D:4:      regret_index_temple_of_mockery, first_bread, portal_sewer_entry_b,
          uniq_robin, uniq_edmund
D:5:      lemuel_crystal_altar, st_stairs_3
D:6:      nemelex_xobeh_ov_fountains_minmay, enter_ossuary_5,
          kennysheep_diamond, uniq_blork_the_orc, uniq_menkaure, uniq_grinder
D:7:      nicolae_ashenzari_panopticon, gammafunk_temple_overflow_pools,
          serial_shops, shop, nicolae_shop_temple_entry_statues_fountains,
          basic_altar
D:8:      gammafunk_temple_overflow_forgotten, old_standard_altar, uniq_pikel,
          uniq_joseph
D:9:      david_lair_generic, hangedman_ranch, minivault_8
Temple:   eino_temple_lava
Lair:1:   minmay_lair_venomous_thicket, uniq_erica
Lair:2:   forest_entry_grove
Lair:3:   elwin_shoals_entry_rooms, nicolae_spider_entry_tight_spaces,
          kennysheep_basilisk_garden, infiniplex_staircase_pool, uniq_harold,
          uniq_rupert, uniq_nergalle
Ossuary:  ossuary_zaba_flooded

Skill      XL: |  1  2  3  4  5  6  7  8  9 10 11 12 |
---------------+-------------------------------------+-----
Long Blades    | 3 5 7 8 10 12 14 15 | 15.4
Invocations    | 8 10 | 10.2
Fighting       | 6 7 |  7.9
Armour         | 5 |  5.4
Shields        | |  3.6

Action                   |  1- 3 |  4- 6 |  7- 9 | 10-12 || total
-------------------------+-------+-------+-------+-------++-------
Melee: Long sword        |   151 |   208 |   520 |   530 ||  1409
       Falchion          |       |       |       |   474 ||   474
Invok: Minor Destruction |       |       |       |    15 ||    15
 Abil: Dig               |       |     3 |    12 |    21 ||    36
       Shaft Self        |       |       |       |     3 ||     3
  Use: Potion            |       |     2 |     9 |    15 ||    26
       Scroll            |       |     6 |     8 |     2 ||    16
 Stab: Distracted        |       |       |       |     1 ||     1
  Eat: Chunk             |     2 |     4 |     8 |    21 ||    35
       Fruit             |       |       |     3 |       ||     3
       Meat ration       |       |       |     1 |       ||     1
       Pizza             |       |       |       |     3 ||     3
Armor: Scale mail        |    76 |    46 |   117 |   211 ||   450
Dodge: Dodged            |    44 |    46 |   114 |   216 ||   420
Block: Shield            |    75 |    75 |   159 |   311 ||   620
